 Dungeon Crawl Stone Soup version 0.29-a0-356-g7bc237e783 (webtiles) character file.

Game seed: 10619230474572434395

1679 bastard the Covert (level 8, -15/36 HPs)
             Began as a Spriggan Enchanter on Apr 26, 2022.
             Demolished by a two-headed ogre
             ... wielding a +0 giant spiked club
              (27 damage)
             ... on level 6 of the Dungeon.
             The game lasted 00:14:35 (7595 turns).

bastard the Covert (Spriggan Enchanter)             Turns: 7595, Time: 00:14:36

Health: -15/36     AC:  3    Str:  4    XL:     8   Next: 70%
Magic:  3/13       EV: 17    Int: 29    God:
Gold:   235        SH:  0    Dex: 15    Spells: 4/12 levels left

rFire   . . .      SeeInvis +   a - +2 dagger
rCold   . . .      Faith    .   (no shield)
rNeg    . . .      Spirit   .   x - +1 robe of the Wild Haggis {Rampage rPois Int+4}
rPois   +          Reflect  .   (helmet restricted)
rElec   .          Harm     .   (no cloak)
rCorr   .          Rampage  +   (gloves unavailable)
Will    +....                   (boots unavailable)
Stlth   +++++.....              (no amulet)
HPRegen 0.12/turn               j - +6 ring of intelligence
MPRegen 0.13/turn               q - ring of wizardry

@: very quick
A: very small, no large weapons, unfitting armour, see invisible, speed 3
a: no special abilities


You were on level 6 of the Dungeon.
You visited 2 branches of the dungeon, and saw 7 of its levels.

You collected 375 gold pieces.
You spent 140 gold pieces at shops.

Inventory:

Hand Weapons
 a - a +2 dagger (weapon)
Missiles
 i - 2 throwing nets (quivered)
Armour
 p - a +0 troll leather armour {Pargi}
 s - a +0 buckler of protection
 x - the +1 robe of the Wild Haggis (worn) {Rampage rPois Int+4}
   (You found it on level 6 of the Dungeon)

   Int:       It affects your intelligence (+4).
   rPois:     It protects you from poison.
   Rampage:   It bestows one free step when moving towards enemies.
Jewellery
 j - a +6 ring of intelligence (left hand)
 q - a ring of wizardry (right hand)
 y - a ring of wizardry
Wands
 m - a wand of iceblast (13)
Scrolls
 b - 5 scrolls of identify
 f - a scroll of teleportation
 n - a scroll of enchant weapon
 o - a scroll of holy word
 w - a scroll of noise {unknown}
Potions
 c - 2 potions of invisibility
 d - 7 potions of curing
 e - a potion of magic
 g - 2 potions of haste
 h - 2 potions of heal wounds
 k - 3 potions of resistance
 l - a potion of berserk rage
 r - a potion of brilliance
 t - a potion of attraction
 u - a potion of mutation
 v - a potion of flight


   Skills:
 + Level 6.4 Short Blades
 - Level 2.6 Dodging
 - Level 12.0 Stealth
 - Level 2.6 Spellcasting
 - Level 8.2 Hexes


You had 4 spell levels left.
You knew the following spells:

 Your Spells              Type           Power      Damage    Failure   Level
a - Ensorcelled Hibernat  Hex/Ice        54%        N/A       1%          2
b - Confusing Touch       Hex            51%        N/A       1%          3
c - Dazzling Flash        Conj/Hex       54%        N/A       1%          3

Your spell library contained the following spells:

 Spells                   Type           Power      Damage    Failure   Level
 Tukima's Dance           Hex            51%        N/A       1%          3
 Static Discharge         Conj/Air       3%         N/A       4%          2
 Airstrike                Air            1%         N/A       30%         4
 Dispel Undead            Necr           3%         3d7       30%         4
 Sticky Flame             Conj/Fire      3%         2d3       30%         4
 Summon Lightning Spire   Summ/Air       3%         N/A       30%         4
 Lightning Bolt           Conj/Air       1%         1d12      61%         5
 Conjure Ball Lightning   Conj/Air       1%         3x3d6     99%         6
 Discord                  Hex            25%        N/A       99%         8
 Disjunction              Tloc           1%         N/A       100%        8


Dungeon Overview and Level Annotations

Branches:
Dungeon (6/15)             Temple (1/1) D:4

Altars:
Dithmenos
Fedhas
Gozag
Hepliaklqana
Makhleb
Nemelex Xobeh
Okawaru
Qazlal
Ru
Sif Muna
Trog
Vehumet
Wu Jian
Xom
Yredelemnul
Zin
The Shining One

Shops:
D:5 (:!

Annotations:
D:1 2 transporters


Innate Abilities, Weirdness & Mutations

You are very small and have problems with some larger weapons.
You are too small for most types of armour.
You have supernaturally acute eyesight. (SInv)
You cover ground extremely quickly. (Speed+++)


Message History

The orc is moderately wounded.
The orc closely misses you.
Casting: Ensorcelled Hibernation (safe; 1% risk of failure)
Confirm with . or Enter, or press ? or * to list all spells.
Aiming: Ensorcelled Hibernation (safe; 1% risk of failure)
Press: ? - help, Shift-Dir - straight line, f/p - orc
Aim: an orc, wielding a +0 flail (moderately wounded, chance to affect: 74%)
The orc looks drowsy...
Casting: Ensorcelled Hibernation (safe; 1% risk of failure)
Confirm with . or Enter, or press ? or * to list all spells.
Aiming: Ensorcelled Hibernation (safe; 1% risk of failure)
Press: ? - help, Shift-Dir - straight line, f - two-headed ogre, p - orc
Aim: a two-headed ogre, wielding two +0 giant spiked clubs (chance to affect: 40%)
The two-headed ogre resists with some effort.
Casting: Ensorcelled Hibernation (safe; 1% risk of failure)
Confirm with . or Enter, or press ? or * to list all spells.
Okay, then.
Casting: Ensorcelled Hibernation (safe; 1% risk of failure)
Confirm with . or Enter, or press ? or * to list all spells.
Aiming: Ensorcelled Hibernation (safe; 1% risk of failure)
Press: ? - help, Shift-Dir - straight line, f/p - two-headed ogre
Aim: a two-headed ogre, wielding two +0 giant spiked clubs (chance to affect: 40%)
The two-headed ogre resists with some effort.
Casting: Ensorcelled Hibernation (safe; 1% risk of failure)
Confirm with . or Enter, or press ? or * to list all spells.
Aiming: Ensorcelled Hibernation (safe; 1% risk of failure)
Press: ? - help, Shift-Dir - straight line, f/p - two-headed ogre
Aim: a two-headed ogre, wielding two +0 giant spiked clubs (chance to affect: 40%)
The two-headed ogre resists with some effort.
Casting: Ensorcelled Hibernation (safe; 1% risk of failure)
Confirm with . or Enter, or press ? or * to list all spells.
Aiming: Ensorcelled Hibernation (safe; 1% risk of failure)
Press: ? - help, Shift-Dir - straight line, f/p - two-headed ogre
Aim: a two-headed ogre, wielding two +0 giant spiked clubs (chance to affect: 40%)
The two-headed ogre resists with some effort.
The two-headed ogre hits you with a +0 giant spiked club!!
Ouch! That really hurt!
The two-headed ogre hits you with a +0 giant spiked club!!
Ouch! That really hurt!
You die...

#.............##...###..........#
..#.....#.#...##.#..#.....o.....#
..##.#..._....##.##........######
...#....#.#...##.###.......#
.#.#..###...#....# #.......#
.#....# #####...†# ##.....##
....#.# ##...# ##.....## .##...#
#...###.......# .###..#
#..@O.........# #..
#...###.......# #...# ##.....##
#...# ##...## ##### #####


You could see a two-headed ogre.

Vanquished Creatures
  Pikel (D:4)
  Sigmund (D:2)
  Menkaure (D:5)
  A water moccasin (D:4)
  Pargi (D:4)
  An orc warrior (D:5)
  A sky beast (D:4)
  A phantom (D:5)
  3 scorpions
  A howler monkey (D:5)
  An orc priest (D:5)
  A hound (D:5)
  An iguana (D:5)
  Terence (D:3)
  Robin (D:3)
  4 gnolls (D:4)
  7 adders
  An ufetubus (D:5)
  2 worms
  3 dart slugs
  2 orcs
  4 ball pythons
  10 endoplasms
  5 giant cockroaches
  6 hobgoblins
  5 kobolds
  A quokka (D:1)
  3 bats (D:1)
  6 frilled lizards
  18 goblins
  12 rats
106 creatures vanquished.

Vanquished Creatures (others)
  3 plants (D:3)
3 creatures vanquished.

Grand Total: 109 creatures vanquished

Notes
Turn   | Place    | Note
-------+----------+-------------------------------------------
     0 | D:1      | bastard the Spriggan Enchanter began the quest for the Orb.
     0 | D:1      | Reached XP level 1. HP: 9/9 MP: 5/5
   612 | D:1      | Reached XP level 2. HP: 12/13 MP: 6/6
   644 | D:1      | Learned a level 2 spell: Ensorcelled Hibernation
  1741 | D:1      | Reached skill level 5 in Hexes
  1877 | D:2      | Reached XP level 3. HP: 16/16 MP: 8/8
  1905 | D:2      | Learned a level 3 spell: Confusing Touch
  3027 | D:2      | Noticed Sigmund
  3103 | D:2      | Killed Sigmund
  3104 | D:2      | Reached XP level 4. HP: 21/21 MP: 2/9
  3104 | D:2      | Reached XP level 5. HP: 24/24 MP: 2/10
  3202 | D:2      | Found a faded altar of an unknown god.
  3519 | D:3      | Noticed Robin
  3902 | D:3      | Killed Robin
  4018 | D:3      | Noticed Terence
  4035 | D:3      | Killed Terence
  4046 | D:3      | Reached XP level 6. HP: 7/28 MP: 4/11
  4447 | D:3      | Found a stormy altar of Qazlal.
  4805 | D:3      | Reached skill level 5 in Stealth
  5067 | D:4      | Noticed a sky beast
  5089 | D:4      | Killed a sky beast
  5090 | D:4      | Reached skill level 6 in Stealth
  5238 | D:4      | Learned a level 3 spell: Dazzling Flash
  5258 | D:4      | Noticed a water moccasin
  5262 | D:4      | Killed a water moccasin
  5263 | D:4      | Reached skill level 7 in Stealth
  5389 | D:4      | Found a staircase to the Ecumenical Temple.
  5404 | Temple   | Entered the Ecumenical Temple
  5501 | D:4      | Noticed Pargi
  5527 | D:4      | Killed Pargi
  5528 | D:4      | Reached skill level 8 in Stealth
  5528 | D:4      | Reached XP level 7. HP: 17/32 MP: 8/12
  5763 | D:4      | Noticed Pikel
  5789 | D:4      | Killed Pikel
  5790 | D:4      | Reached skill level 11 in Stealth
  5790 | D:4      | Reached XP level 8. HP: 13/36 MP: 6/13
  5993 | D:4      | Reached skill level 12 in Stealth
  6175 | D:4      | Found a hazy altar of Hepliaklqana.
  6296 | D:4      | Identified a scroll of acquirement
  6296 | D:4      | Acquired a +0 buckler of protection
  6402 | D:5      | Entered Level 5 of the Dungeon
  6449 | D:5      | Noticed Menkaure
  6469 | D:5      | Killed Menkaure
  6516 | D:5      | Found a blossoming altar of Fedhas.
  6596 | D:5      | Found Riji's Book Emporium.
  6642 | D:5      | Reached skill level 5 in Short Blades
  6707 | D:5      | Found Wokhuitz's Antique Weapon Shop.
  6752 | D:5      | Found an iron altar of Okawaru.
  6927 | D:5      | Found Sybbu's Book Boutique.
  7049 | D:5      | Found Woizaut's Distillery.
  7057 | D:5      | Bought a potion of curing for 30 gold pieces
  7057 | D:5      | Bought a potion of heal wounds for 50 gold pieces
  7057 | D:5      | Bought a potion of attraction for 30 gold pieces
  7057 | D:5      | Bought a potion of flight for 30 gold pieces
  7431 | D:6      | Found a glowing golden altar of the Shining One.
  7489 | D:6      | Identified the +1 robe of the Wild Haggis {Rampage rPois
                  | Int+4}
  7515 | D:6      | Found an opulent altar of Gozag.
  7533 | D:6      | Found a radiant altar of Vehumet.
  7570 | D:6      | Noticed a two-headed ogre
  7595 | D:6      | Demolished by a two-headed ogre

Illustrated notes

Levels and vault maps discovered:
D:1:      spicycebolla_arrival_teleporter_tutorial, layout_basic
D:2:      layout_basic, basic_ecumenical_altar, kennysheep_path_1, uniq_sigmund
D:3:      layout_rooms, mainiacjoe_overflow_alcove_2, serial_bayou,
          serial_bayou_lagoon_a, serial_bayou_shore_b, serial_bayou_pond_c,
          serial_bayou_pond_d, serial_bayou_pond_b, dreamdust_princess_corridor,
          minmay_quadrilaterals, uniq_robin, uniq_terence
D:4:      layout_loops_ring, nzn_hepliaklqana_mist_gate,
          minmay_temple_entry_statues_pillars, uniq_pikel, uniq_pargi
D:5:      layout_basic, okawaru_trees_1, fedhas_altar_fruit_tree, serial_shops,
          shop_statue, nicolae_shop_advertising_works
          [nicolae_subvault_shop_adworks], kennysheep_mini_moat,
          nicolae_inconvenience_store, hangedman_decor_riveting, uniq_menkaure
D:6:      layout_rooms, grunt_gozag_statues, nicolae_elyvilon_peaceful_grove,
          lemuel_crystal_altar, lemuel_crystal_altar, serial_shops,
          nicolae_shop_bloodbath_and_beyond, ebering_ghost_rock_garden,
          st_stairs_14, kennysheep_generic_room_6, uniq_prince_ribbit1
Temple:   cyrus_temple_forest

Skill      XL: |  1  2  3  4  5  6  7  8 |
---------------+-------------------------+-----
Hexes          | 4 5 7 8 |  8.2
Stealth        | 8 11 12 | 12.0
Short Blades   | 6 |  6.4
Dodging        | |  2.6
Spellcasting   | |  2.6

Action                   |  1- 3 |  4- 6 |  7- 9 || total
-------------------------+-------+-------+-------++-------
Melee: Dagger            |   132 |   138 |    65 ||   335
       Punch             |     2 |     3 |     2 ||     7
 Cast: Ensorcelled Hiber |    18 |    13 |    25 ||    56
       Confusing Touch   |       |     4 |     5 ||     9
  Use: Scroll            |       |    11 |     6 ||    17
 Stab: Sleeping          |    23 |    13 |    13 ||    49
       Distracted        |     1 |       |     1 ||     2
       Confused          |       |     2 |     5 ||     7
Armor: Robe              |    14 |    10 |       ||    24
       Troll leather arm |       |       |     5 ||     5
Dodge: Dodged            |    98 |   104 |    45 ||   247

Table legend: (Time is in decaauts)
 A = Elapsed time spent in this place.
 B = Non-inter-level travel time spent in this place.
 C = Inter-level travel time spent in this place.
 D = Time resting spent in this place.
 E = Time spent auto-exploring this place.
 F = Levels seen in this place.
 G = Mean time per level.
                   A        B        C        D        E       F      G
               +--------+--------+--------+--------+--------+-----+--------+
         Total |   6070 |   5939 |    131 |      0 |   4959 |   7 |  867.1 |
       Dungeon |   6016 |   5901 |    115 |      0 |   4926 |   6 | 1002.7 |
        Temple |     54 |     39 |     15 |      0 |     33 |   1 |   54.0 |
               +--------+--------+--------+--------+--------+-----+--------+

Top non-repeatable levels by time:
     D:2: 1613 daAuts
     D:1: 1561 daAuts
     D:3: 1047 daAuts
     D:4: 977 daAuts
     D:5: 700 daAuts
     D:6: 115 daAuts
  Temple: 54 daAuts
